 Dungeon Crawl Stone Soup version 0.22.1-5-g62c59d919a (webtiles) character file.

53 Descartes the Grasshopper (level 3, -1/18 HPs)
             Began as a Vine Stalker Warper on Jan 13, 2019.
             Slain by a goblin
             ... wielding a +0 club
             ... led by Robin
              (3 damage)
             ... on level 2 of the Dungeon.
             The game lasted 00:04:06 (1312 turns).

Descartes the Grasshopper (Vine Stalker Warper)     Turns: 1312, Time: 00:04:07

Health: -1/18      AC:  4    Str: 13    XL:     3   Next: 87%
Magic:  0/7        EV: 12    Int: 14    God:
Gold:   49         SH:  0    Dex: 13    Spells: 4/6 levels left

rFire    . . .     SeeInvis +     - Unarmed
rCold    + . .     Gourm    .   (no shield)
rNeg     . . .     Faith    .   a - +0 leather armour
rPois    .         Spirit   +   (no helmet)
rElec    .         Reflect  .   (no cloak)
rCorr    .         Harm     .   l - +0 pair of gloves
MR       .....                  (no boots)
Stlth    +.........             (no amulet)
HPRegen  0.06/turn              (no ring)
MPRegen  0.10/turn              (no ring)

@: no status effects
A: fangs 2, see invisible, cold resistance 1, magic shield, antimagic bite, no
potion heal 3, rot immunity
a: no special abilities


You were on level 2 of the Dungeon.
You were very hungry.

You visited 1 branch of the dungeon, and saw 2 of its levels.

You collected 49 gold pieces.

Inventory:

Hand Weapons
 b - a +0 hunting sling
Missiles
 d - 5 tomahawks of dispersal (quivered)
 g - 93 stones
 k - 23 arrows
 n - 53 bolts
 o - 33 sling bullets
Armour
 a - a +0 leather armour (worn)
 l - a +0 pair of gloves (worn)
Scrolls
 c - a scroll of blinking
 h - a scroll of enchant weapon {unknown}
 i - a scroll of remove curse
 p - a scroll of identify
 q - a scroll of teleportation {unknown}
Potions
 e - a potion of curing
 r - a potion of might {unknown}
Comestibles
 f - 3 rations


   Skills:
 - Level 1.7 Fighting
 - Level 0.8 Throwing
 - Level 0.7 Armour
 + Level 2.3 Dodging
 + Level 2.9 Unarmed Combat
 - Level 2.1 Spellcasting
 + Level 3.4 Translocations


You had 4 spell levels left.
You knew the following spells:

 Your Spells              Type           Power        Failure   Level  Hunger
a - Blink                 Tloc           N/A          11%         2    ###....

Your spell library contained the following spells:

 Spells                   Type           Power        Failure   Level  Hunger
 Shroud of Golubria       Chrm/Tloc      #.........   22%         2    ###....
 Gell's Gravitas          Tloc           ##........   22%         3    ###....
 Lesser Beckoning         Tloc           ##........   22%         3    ###....
 Teleport Other           Tloc           ##......     22%         3    ###....
 Passage of Golubria      Tloc           N/A          58%         4    #####..


Dungeon Overview and Level Annotations

Branches:
Dungeon (2/15)

Altars:

Annotations:
D:2 Robin


Innate Abilities, Weirdness & Mutations

You have extremely sharp teeth.
When hurt, damage is shared between your health and your magic reserves.
Your bite disrupts and absorbs the magic of your enemies.
Potions cannot restore your health.
You are immune to rotting.
You have supernaturally acute eyesight. (SInv)
Your flesh is cold resistant. (rC+)


Message History

* * * LOW HITPOINT WARNING * * *
The goblin closely misses you.
A goblin comes into view.
Your leather armour prevents you from hitting the hobgoblin.
The goblin shouts!
Your bite misses the hobgoblin. The goblin hits you but does no damage.
The goblin closely misses you. The goblin barely misses you.
The hobgoblin barely misses you. The goblin hits you with a club.
You hit the hobgoblin. Your bite misses the hobgoblin.
The hobgoblin is almost dead.
The goblin hits you but does no damage. The goblin barely misses you.
The goblin misses you. The hobgoblin closely misses you.
The goblin hits you with a club.
* * * LOW HITPOINT WARNING * * *
You hit the hobgoblin.
You kill the hobgoblin!
The goblin closely misses you. The goblin hits you.
The goblin barely misses you. The goblin hits you with a club.
You die...

# ##. .# ... ..#
# #.# #.# #.##.##
#.# ..g. #.#
#g####.#
#.#.####)@....#
....gsKggg....#
#.##.####.....###
#.......#
#.....###
###.....# ###.###
#...# ####...#


You could see Robin, a giant cockroach, 5 goblins and a kobold.

Vanquished Creatures
  3 adders (D:2)
  A leopard gecko (D:1)
  2 bats (D:1)
  A giant cockroach (D:1)
  4 goblins
  3 hobgoblins
  4 kobolds
  4 frilled lizards (D:1)
  2 rats
24 creatures vanquished.

Notes
Turn   | Place    | Note
-------+----------+-------------------------------------------
     0 | D:1      | Descartes the Vine Stalker Warper began the quest for the
                  | Orb.
     0 | D:1      | Reached XP level 1. HP: 11/11 MP: 4/4
   332 | D:1      | Reached XP level 2. HP: 12/15 MP: 6/6
   341 | D:1      | Learned a level 2 spell: Blink
   910 | D:2      | Reached XP level 3. HP: 10/18 MP: 7/7
  1136 | D:1      | Gained mutation: You have supernaturally acute eyesight.
                  | (SInv) [potion of mutation]
  1136 | D:1      | Gained mutation: Your flesh is cold resistant. (rC+)
                  | [potion of mutation]
  1300 | D:2      | Noticed Robin
  1312 | D:2      | Slain by a goblin

Skill      XL: |  1  2 |
---------------+-------+-----
Dodging        | 2 |  2.3
Fighting       | |  1.7
Throwing       | |  0.8
Armour         | |  0.7
Unarmed Combat | |  2.9
Spellcasting   | |  2.1
Translocations | |  3.4

Action                   || total
-------------------------++-------
Melee: Unarmed           ||    96
       Bite              ||    22
       Punch             ||     1
 Fire: Hunting sling     ||    19
  Use: Scroll            ||     2
       Potion            ||     2
Armor: Leather armour    ||    32
Dodge: Dodged            ||    71
